 Dungeon Crawl Stone Soup version 0.22-b1-26-g9dbaab1 (webtiles) character file.

57953 teukkam the Severer (level 14, -5/202 HPs)
             Began as a Minotaur Berserker on Aug 6, 2018.
             Was the Champion of Trog.
             Slain by a polar bear (6 damage)
             ... summoned by a spriggan berserker
             ... on level 4 of the Swamp on Aug 8, 2018.
             The game lasted 01:29:54 (13868 turns).

teukkam the Severer (Minotaur Berserker)           Turns: 13868, Time: 01:29:56

Health: -5/202     AC: 21    Str: 25 (26) XL:     14   Next: 47%
Magic:  13/13      EV: 11    Int:  3 (5)  God:    Trog [******]
Gold:   1466       SH:  0    Dex: 10 (12) Spells: 13/13 levels left

rFire    + . .     SeeInvis .   R - +3 scimitar (flame)
rCold    + . .     Gourm    .   (no shield)
rNeg     + . .     Faith    .   V - +1 scale mail of Zaczoh {*Contam rPois MR+ Stlth+}
rPois    +         Spirit   .   (helmet restricted)
rElec    .         Reflect  .   e - +2 cloak "Romuch" {+Inv rN+ Regen+ Str-3}
rCorr    .         Harm     +   u - +3 pair of gauntlets of War {Slay+5}
MR       ++...                  s - +0 pair of boots
Stlth    ..........             M - amulet of harm
HPRegen  0.83/turn              h - ring of protection from fire
MPRegen  0.13/turn              w - ring of protection from cold

@: berserking, very quick
A: retaliatory headbutt, horns 2
a: Berserk, Trog's Hand, Brothers in Arms, Renounce Religion, Evoke Invisibility


You were on level 4 of the Swamp.
You worshipped Trog.
Trog was exalted by your worship.
You were hungry.

You visited 3 branches of the dungeon, and saw 19 of its levels.
You also visited: Volcano.

You collected 1466 gold pieces.

Inventory:

Hand Weapons
 a - the +7 war axe "Reufusch" {drain, MR+ SInv}
   (You found it on level 8 of the Dungeon)

   A truly terrible weapon, it drains the life of those it strikes.
   It affects your resistance to hostile enchantments.
   It lets you see invisible.
 b - a +4 arbalest of velocity
 m - a +2 arbalest of flaming
 v - a +0 blowgun
 A - a +2 antimagic battleaxe
 B - a +2 quarterstaff of chaos
 P - a +5 short sword of venom
 R - a +3 scimitar of flaming (weapon)
 S - the +2 war axe "Luoluag" {holy, rF++ Int-2 Dex+5}
   (You found it on level 4 of the Dungeon)

   It has been blessed by the Shining One to cause great damage to the undead
   and demons.
   It affects your intelligence (-2).
   It affects your dexterity (+5).
   It greatly protects you from fire.
Missiles
 l - 67 bolts
 C - 20 poisoned needles
Armour
 e - the +2 cloak "Romuch" (worn) {+Inv rN+ Regen+ Str-3}
   (You found it on level 6 of the Dungeon)

   It affects your strength (-3).
   It protects you from negative energy.
   It lets you turn invisible.
   It increases your rate of regeneration.
 k - a +2 large shield of fire resistance
 s - a +0 pair of boots (worn)
 u - the +3 pair of gauntlets of War (worn) {Slay+5}
   (You acquired it on level 6 of the Lair of Beasts)

   It affects your accuracy and damage with ranged weapons and melee attacks
   (+5).
 J - a +3 chain mail of cold resistance
 V - the +1 scale mail of Zaczoh (worn) {*Contam rPois MR+ Stlth+}
   (You found it on level 1 of the Lair of Beasts)

   It protects you from poison.
   It affects your resistance to hostile enchantments.
   It causes magical contamination when unequipped.
   It makes you more stealthy.
Magical Staves
 Y - an uncursed staff of death
Jewellery
 h - a ring of protection from fire (left hand)
 w - a ring of protection from cold (right hand)
 K - an uncursed ring of magical power
 M - an amulet of harm (around neck)
 Q - an uncursed ring of ice
Wands
 f - a wand of paralysis (28)
 j - a wand of disintegration (4)
 p - a wand of random effects (39)
 N - a wand of flame (22)
 Z - a wand of polymorph (12)
Scrolls
 d - 3 scrolls of enchant armour
 g - 19 scrolls of identify
 n - 8 scrolls of remove curse
 o - 3 scrolls of immolation
 q - 4 scrolls of enchant weapon
 y - a scroll of acquirement
 E - 2 scrolls of magic mapping
 T - a scroll of fear
 U - 2 scrolls of fog
Potions
 i - 9 potions of curing
 r - 5 potions of flight
 x - 2 potions of might
 z - 3 potions of haste
 D - a potion of agility
 G - a potion of lignification
 I - 10 potions of mutation {unknown}
 L - 3 potions of resistance {unknown}
 W - a potion of brilliance
 X - a potion of berserk rage {unknown}
Miscellaneous
 t - a lightning rod (2/4)
Comestibles
 c - 13 rations


   Skills:
 + Level 15.2 Fighting
 + Level 15.2 Axes
 - Level 1.2 Staves
   Level 2.9 Slings
 + Level 13.2 Crossbows
 + Level 15.0 Armour
 - Level 2.1 Dodging


You had 13 spell levels left.
You didn't know any spells.
Your spell library contained the following spells:

 Spells                   Type           Power        Failure   Level  Hunger
 Magic Dart               Conj           #...         75%         1    ##.....
 Lightning Bolt           Conj/Air       #.........   100%        5    ######.
 Iskenderun's Mystic Bla  Conj           #.......     100%        4    #####..
 Shock                    Conj/Air       #...         75%         1    ##.....
 Swiftness                Chrm/Air       #.......     86%         2    ###....
 Airstrike                Air            #.........   100%        4    #####..
 Static Discharge         Conj/Air       #.......     98%         3    ####...
 Fulminant Prism          Conj/Hex       #.........   100%        4    #####..
 Dazzling Spray           Conj/Hex       #.....       98%         3    ####...
 Force Lance              Conj/Tloc      #.......     100%        4    #####..
 Searing Ray              Conj           #.....       86%         2    ###....


Dungeon Overview and Level Annotations

Branches:
Dungeon (9/15)             Temple (0/1) D:7            Lair (6/6) D:9
  Swamp (4/4) Lair:3        Snake (0/4) Lair:3        Slime (0/5) Lair:6
    Orc: D:9-12

Altars:
Ashenzari
Cheibriados
Fedhas
Gozag
Hepliaklqana
Kikubaaqudgha
Ru
Trog
Uskayaw
Wu Jian
Xom
Zin
The Shining One
Jiyva

Shops:
D:2 *

Annotations:
Lair:4 3 runed doors, Wabbos's ghost, journeyman MiFi
Swamp:1 Frances


Innate Abilities, Weirdness & Mutations

You reflexively headbutt those who attack you in melee.
You have a pair of horns on your head.


Message History

Your life force feels restored.
The polar bear bites you but does no damage.
The polar bear claws you but does no damage.
The polar bear barely misses you.
The spriggan berserker hits you with a flail of venom.
* * * LOW HITPOINT WARNING * * *
Unknown command.
You slash the spriggan berserker! You burn the spriggan berserker!
Your headbutt misses the spriggan berserker.
The spriggan berserker is moderately wounded.
The polar bear bites you but does no damage.
The polar bear claws you but does no damage.
The polar bear barely misses you.
The bog body points at you and mumbles some strange words.
The bolt of cold hits you! You resist.
* * * LOW HITPOINT WARNING * * *
The spriggan berserker hits you with a flail of venom!!
* * * LOW HITPOINT WARNING * * *
The polar bear bites you.
You die...

♣≈.♣≈,,,,,≈,,≈,,,***
♣..≈≈..§≈,,≈,,≈,,*
♣♣♣..♣♣.≈≈,,,,,≈,*
*♣♣♣***,,,,≈,≈** *****
**≈≈,**** **,,,** *≈≈,*
*#### *≈,,,≈** *≈≈,*
#♣≈..##
*,,≈≈,≈***,,≈**#♣in≈≈.##
*≈≈≈,≈***≈,*≈≈*#@hD...≈#
**,≈,***,,≈≈*,,##nD≈.≈##
♣ *≈,***,≈*****≈,##k≈≈##
♣ **≈,**≈≈**,,≈**≈≈*#..#
♣
*≈≈≈*,≈**,≈≈≈≈**,,*.≈#*
♣♣
*≈,**,,*≈,,≈≈≈,*≈,*..≈#
♣.
*≈,,*,≈**≈≈≈,≈**,,*#.≈#
♣♣♣♣≈
**,,≈≈,,**,≈,**≈,≈*≈≈≈#
♣♣§♣.♣
****≈≈≈**,≈,**,≈≈≈,≈**
♣.≈.≈.


You could see 2 swamp dragons, a spriggan berserker (berserk), a polar bear
(berserk), 2 bog bodies and a swamp drake.

Vanquished Creatures
  2 thorn hunters (Swamp:4)
  2 fire dragons
  13 hydras
  Erica (D:8)
  3 alligators (Swamp:4)
  A shambling mangrove (Swamp:4)
  The ghost of Alter the Blocker, a novice GrFi of Elyvilon (D:6)
  2 swamp dragons
  3 lindwurms
  6 elephants (Lair:6)
  2 molten gargoyles (Lair:6)
  8 black mambas
  A torpor snail (Lair:6)
  10 spiny frogs
  2 rime drakes (Lair:5)
  10 komodo dragons
  A troll (D:7)
  A polar bear (Lair:5)
  A hornet (Lair:4)
  16 blink frogs
  4 tyrant leeches (Swamp:4)
  3 hippogriffs
  3 bog bodies
  6 dream sheep (Lair:5)
  A shadow (Swamp:4)
  A spriggan (Lair:5)
  3 basilisks (Lair:6)
  4 wyverns
  Eustachio (D:6)
  31 yaks
  Grum (D:8)
  A hungry ghost (D:9)
  10 vampire mosquitoes
  4 steam dragons
  10 swamp worms
  28 water moccasins
  6 porcupines
  4 insubstantial wisps (Swamp:4)
  6 hell hounds
  3 ice beasts
  5 swamp drakes
  A black bear (Lair:5)
  A necrophage (D:6)
  5 orc warriors
  2 phantoms
  16 wolves
  3 ogres
  3 centaurs
  9 crocodiles
  6 big kobolds (D:6)
  13 bullfrogs
  A water moccasin zombie (D:8)
  2 scorpions
  2 killer bees (D:9)
  5 electric eels
  3 howler monkeys
  A centaur zombie (D:7)
  A jelly (D:9)
  5 lava snakes
  A quasit (D:7)
  3 hounds
  6 orc priests
  A bullfrog skeleton (D:5)
  Crazy Yiuf (D:3)
  Jessica (D:3)
  3 iguanas
  11 orc wizards
  13 worker ants
  Robin (D:3)
  12 adders
  4 shadow imps
  2 oozes
  An adder zombie (D:4)
  2 adder skeletons
  A worm (D:5)
  2 dart slugs
  4 leopard geckos
  44 orcs
  9 giant cockroaches
  41 goblins
  32 hobgoblins
  14 jackals
  10 kobolds
  5 quokkas
  A ball python (D:5)
  9 bats
  3 frilled lizards
  A giant cockroach zombie (D:5)
  5 rats
  2 plants
545 creatures vanquished.

Vanquished Creatures (others)
  A swamp dragon (Swamp:4)
  A hornet (Swamp:3)
  A bush (Lair:6)
  5 fungi (Lair:6)
  32 plants
40 creatures vanquished.

Grand Total: 585 creatures vanquished

Notes
Turn   | Place    | Note
-------+----------+-------------------------------------------
     0 | D:1      | teukkam the Minotaur Berserker began the quest for the Orb.
     0 | D:1      | Reached XP level 1. HP: 19/19 MP: 0/0
   218 | D:2      | Reached XP level 2. HP: 27/27 MP: 1/1
   225 | D:2      | Found an opulent altar of Gozag.
   259 | D:2      | Found a transporter.
   259 | D:2      | Found a transporter.
   301 | D:2      | Found a glowing golden altar of the Shining One.
   358 | D:2      | Reached XP level 3. HP: 34/34 MP: 2/2
   501 | D:2      | Found a sacrificial altar of Ru.
   514 | D:2      | Reached XP level 4. HP: 40/41 MP: 3/3
   558 | D:2      | Reached ** piety under Trog
   572 | D:3      | Noticed Robin
   585 | D:3      | Killed Robin
   653 | D:3      | Found a shimmering altar of Xom.
   685 | D:3      | Noticed Jessica
   691 | D:3      | Killed Jessica
   692 | D:3      | Reached XP level 5. HP: 47/47 MP: 4/4
   713 | D:3      | Found a shimmering altar of Xom.
   732 | D:3      | Found a runed door.
   741 | D:3      | Noticed Crazy Yiuf
   744 | D:3      | Killed Crazy Yiuf
   744 | D:3      | Reached skill level 5 in Fighting
   744 | D:3      | Reached skill level 5 in Axes
   744 | D:3      | Reached skill level 1 in Slings
   829 | D:3      | Found a blossoming altar of Fedhas.
  1003 | D:3      | Found a bloodstained altar of Trog.
  1155 | D:3      | Found an ancient bone altar of Kikubaaqudgha.
  1449 | D:1      | Reached *** piety under Trog
  1965 | D:2      | Reached skill level 1 in Staves
  2021 | D:2      | Found Zin's Purification Station.
  2026 | D:2      | Found a glowing silver altar of Zin.
  2070 | D:2      | Found a shattered altar of Ashenzari.
  2269 | D:4      | Got an ichor-stained war axe
  2270 | D:4      | Identified the +2 war axe "Luoluag" {holy, rF++ Int-2 Dex+5} (You found it on level 4 of the Dungeon)
  2353 | D:4      | Reached XP level 6. HP: 56/56 MP: 5/5
  2459 | D:4      | Found a snail-covered altar of Cheibriados.
  2621 | D:5      | Entered Level 5 of the Dungeon
  2726 | D:4      | Reached skill level 5 in Armour
  3142 | D:5      | Reached **** piety under Trog
  3148 | D:5      | Reached XP level 7. HP: 62/62 MP: 6/6
  3358 | D:5      | Reached skill level 1 in Crossbows
  3947 | D:6      | Received a gift from Trog
  4018 | D:6      | Found a transporter.
  4020 | D:6      | Found a transporter.
  4021 | D:6      | Noticed Alter's ghost (novice GrFi)
  4042 | D:6      | Reached XP level 8. HP: 69/71 MP: 7/7
  4057 | D:6      | Killed Alter's ghost
  4074 | D:6      | Noticed Eustachio
  4118 | D:6      | Killed Eustachio
  4396 | D:6      | Found an ornate altar of the Wu Jian Council.
  4691 | D:6      | Got a spiked cloak
  4704 | D:6      | Identified the +2 cloak "Romuch" {+Inv rN+ Regen+ Str-3} (You found it on level 6 of the Dungeon)
  4724 | D:6      | Reached XP level 9. HP: 73/81 MP: 8/8
  4897 | D:6      | Reached ***** piety under Trog
  5017 | D:6      | Received a gift from Trog
  5144 | D:6      | Reached skill level 5 in Crossbows
  5663 | D:7      | Found a hazy altar of Hepliaklqana.
  5770 | D:7      | Found a staircase to the Ecumenical Temple.
  5837 | D:7      | Noticed a troll
  5847 | D:7      | Killed a troll
  5899 | D:7      | Received a gift from Trog
  6382 | D:8      | Noticed Erica
  6398 | D:8      | Killed Erica
  6398 | D:8      | Reached XP level 10. HP: 76/91 MP: 9/9
  6518 | D:8      | Got a transparent war axe
  6519 | D:8      | Identified the +7 war axe "Reufusch" {drain, MR+ SInv} (You found it on level 8 of the Dungeon)
  6545 | D:8      | Found a hide-covered altar of Uskayaw.
  6659 | D:8      | Reached skill level 10 in Fighting
  6660 | D:8      | Reached skill level 10 in Axes
  6683 | D:8      | Noticed Grum
  6689 | D:8      | Killed Grum
  6958 | D:9      | Found a staircase to the Lair.
  7133 | D:9      | Reached skill level 10 in Armour
  7267 | Lair:1   | Entered Level 1 of the Lair of Beasts
  7490 | Lair:1   | Noticed a seven-headed hydra
  7501 | Lair:1   | Killed a three-headed hydra
  7852 | Lair:1   | Got an encrusted scale mail
  7863 | Lair:1   | Identified the +1 scale mail of Zaczoh {*Contam rPois MR+ Stlth+} (You found it on level 1 of the Lair of Beasts)
  8011 | Lair:1   | Noticed a spiny frog
  8020 | Lair:1   | Killed a spiny frog
  8020 | Lair:1   | Reached XP level 11. HP: 86/101 MP: 10/10
  8456 | Lair:3   | Received a gift from Trog
  8689 | Lair:4   | Noticed a four-headed hydra
  8849 | Lair:5   | Received a gift from Trog
  8974 | Lair:5   | Noticed a four-headed hydra
  8982 | Lair:5   | Killed a two-headed hydra
  9051 | Lair:5   | Reached XP level 12. HP: 92/112 MP: 11/11
  9060 | Lair:5   | Reached skill level 10 in Crossbows
  9108 | Lair:5   | Noticed an eight-headed hydra
  9116 | Lair:5   | Killed a seven-headed hydra
  9590 | Lair:6   | Entered Level 6 of the Lair of Beasts
  9595 | Lair:6   | Noticed a seven-headed hydra
  9618 | Lair:6   | Killed a five-headed hydra
  9618 | Lair:6   | Noticed a seven-headed hydra
  9628 | Lair:6   | Killed a three-headed hydra
  9631 | Lair:6   | Reached ****** piety under Trog
  9741 | Lair:6   | Identified 2 scrolls of acquirement
  9742 | Lair:6   | Found the +3 pair of gauntlets of War {Slay+5}
  9838 | Lair:6   | Found a staircase to the Slime Pits.
  9838 | Lair:6   | Found a viscous altar of Jiyva.
  9968 | Lair:6   | Received a gift from Trog
 10009 | Lair:6   | Found a dark tunnel.
 10020 | Volcano  | Entered a volcano
 10156 | Volcano  | Noticed a fire dragon
 10165 | Volcano  | Killed a fire dragon
 10223 | Lair:6   | Reached XP level 13. HP: 107/122 MP: 12/12
 10511 | Lair:6   | Noticed a fire dragon
 10512 | Lair:6   | Found a large runed door.
 10571 | Lair:6   | Found a large runed door.
 10612 | Lair:6   | Killed a fire dragon
 11420 | Lair:4   | Found a runed gate.
 11420 | Lair:4   | Found a runed gate.
 11421 | Lair:4   | Noticed Wabbos's ghost (journeyman MiFi)
 11422 | Lair:4   | Found a runed gate.
 11552 | Lair:4   | Received a gift from Trog
 12290 | Lair:3   | Found a staircase to the Snake Pit.
 12554 | Lair:3   | Found a staircase to the Swamp.
 12569 | Swamp:1  | Entered Level 1 of the Swamp
 12619 | Swamp:2  | Noticed Frances
 12795 | Swamp:1  | Received a gift from Trog
 12881 | Swamp:2  | Reached XP level 14. HP: 125/133 MP: 13/13
 12954 | Swamp:4  | Entered Level 4 of the Swamp
 12961 | Swamp:4  | Noticed a thorn hunter
 12975 | Swamp:4  | Killed a thorn hunter
 13422 | Swamp:4  | Noticed a thorn hunter
 13425 | Swamp:4  | Reached skill level 15 in Fighting
 13431 | Swamp:4  | Reached skill level 15 in Axes
 13435 | Swamp:4  | Killed a thorn hunter
 13614 | Swamp:4  | Reached skill level 15 in Armour
 13868 | Swamp:4  | HP: 1/202 [spriggan berserker/flail of venom (22)]
 13868 | Swamp:4  | Slain by a polar bear

Skill      XL: |  1  2  3  4  5  6  7  8  9 10 11 12 13 14 |
---------------+-------------------------------------------+-----
Fighting       | 4 5 6 8 9 10 12 13 14 15 | 15.2
Axes           | 4 5 6 7 9 10 12 13 14 15 | 15.2
Armour         | 3 4 5 6 7 9 10 11 13 14 15 | 15.0
Slings         | 2 |  2.9
Staves         | 1 |  1.2
Crossbows      | 2 4 6 8 9 11 12 13 | 13.2
Dodging        | |  2.1

Action                   |  1- 3 |  4- 6 |  7- 9 | 10-12 | 13-15 || total
-------------------------+-------+-------+-------+-------+-------++-------
Melee: Hand axe          |    28 |    23 |       |       |       ||    51
       Headbutt          |     4 |    22 |    43 |    50 |    46 ||   165
       Quarterstaff      |       |    71 |       |       |       ||    71
       War axe           |       |    50 |   197 |   260 |   215 ||   722
       Scimitar          |       |       |       |    18 |    20 ||    38
 Fire: Hunting sling     |       |    16 |       |       |       ||    16
       Arbalest          |       |       |    89 |    96 |   104 ||   289
Invok: Berserk           |     1 |     4 |     6 |     4 |     7 ||    22
       Brothers in Arms  |       |       |       |       |     1 ||     1
Evoke: Wand              |       |       |     1 |    13 |    21 ||    35
       Lightning rod     |       |       |       |       |     2 ||     2
  Use: Scroll            |       |       |     7 |     6 |     9 ||    22
       Potion            |       |       |     3 |     4 |     9 ||    16
 Stab: Confused          |       |       |       |     1 |       ||     1
  Eat: Chunk             |       |    12 |     8 |     9 |     8 ||    37
       Ration            |       |       |     2 |     3 |     3 ||     8
Armor: Animal skin       |     5 |       |       |       |       ||     5
       Chain mail        |    13 |   108 |   151 |    80 |       ||   352
       Scale mail        |       |       |       |   139 |   211 ||   350
Dodge: Dodged            |    21 |    71 |   122 |   187 |   189 ||   590
       Rpst.: Scimitar   |       |       |       |     2 |     4 ||     6
